 Dungeon Crawl Stone Soup version 0.31-a0-192-ga50d7bf3bb (webtiles) character file.

Game seed: 16383292424820186387

256 qw the Skirmisher (level 5, -1/28 (29) HPs)
             Began as a Deep Elf Hunter on June 23, 2023.
             Slain by a wight
             ... wielding a +5 morningstar
              (15 damage)
             ... on level 4 of the Dungeon.
             The game lasted 00:01:07 (2297 turns).

qw the Skirmisher (Deep Elf Hunter)                 Turns: 2297, Time: 00:01:08

HP:   -1/28 (29)    AC:  5    Str: 10    XL:     5   Next: 92%
MP:   7/7           EV: 11    Int: 14    God:
Gold: 118           SH:  0    Dex: 18    Spells: 4/4 levels left

rFire   . . .        Y - +1 shortbow
rCold   + . .        (shield currently unavailable)
rNeg    . . .        o - +0 ring mail
rPois   .            (no helmet)
rElec   .            d - scarf {repulsion}
rCorr   .            (no gloves)
SInv    .            (no boots)
Will    .....        (no amulet)
Stlth   +            e - ring of protection from cold
HPRegen 0.24/turn    (no ring)
MPRegen 0.10/turn

%: repel missiles
@: lightly drained
A: no striking features
a: no special abilities


You were on level 4 of the Dungeon.
You visited 1 branch of the dungeon, and saw 4 of its levels.

You collected 118 gold pieces.


   Skills:
 + Level 1.5 Fighting
 - Level 9.0 Ranged Weapons
 - Level 3.7 Dodging
 - Level 1.2 Stealth


You had 4 spell levels left.
You didn't know any spells.
Your spell library was empty.

Inventory:

Hand Weapons
 Y - a +1 shortbow (weapon)
Armour
 d - a scarf of repulsion (worn)
 o - a +0 ring mail (worn)
Jewellery
 e - a ring of protection from cold (left hand)
Scrolls
 m - a scroll of identify
Potions
 a - a potion of degeneration {unknown}
 b - a potion of lignification {unknown}
 c - a potion of enlightenment {unknown}
 f - a potion of invisibility {unknown}
 g - a potion of ambrosia {unknown}
 i - a potion of resistance {unknown}
 j - a potion of haste
 k - a potion of cancellation {unknown}
 p - a potion of curing {unknown}

Dungeon Overview and Level Annotations

Branches:
Dungeon (4/15)
 Temple: D:4-7

Altars:

Shops:
D:2 (


Message History

You shoot an arrow.
The arrow hits the wight but does no damage.
A wight comes into view. It is wielding a +5 morningstar.
You shoot an arrow.
The arrow hits the wight but does no damage.
You shoot an arrow. The arrow hits the wight.
The wight is lightly damaged.
The wight barely misses you.
You shoot an arrow. The arrow closely misses the wight.
The arrow hits the plant.
The plant is lightly damaged.
A nearby plant withers and dies.
The wight closely misses you.
You shoot an arrow. The arrow barely misses the wight.
The arrow hits the wight.
The wight is moderately damaged.
The wight barely misses you. The wight closely misses you.
You shoot an arrow. The arrow hits the wight.
The wight is lightly damaged.
You shoot an arrow. The arrow completely misses the wight.
The arrow hits the wight.
The wight is moderately damaged.
You shoot an arrow.
The arrow hits the wight but does no damage.
The wight is moderately damaged.
A wight comes into view. It is wielding a +0 spear.
You shoot an arrow.
The arrow hits the wight but does no damage.
The wight is moderately damaged.
The wight barely misses you.
You shoot an arrow. The arrow hits the wight.
The wight is heavily damaged.
The wight barely misses you. x2
The wight hits you with a +5 morningstar!
You shoot an arrow. The arrow closely misses the wight.
The wight hits you from afar with a +0 trident.
You feel drained. The wight hits you but does no damage.
You shoot an arrow. The arrow barely misses the wight.
The wight closely misses you.
The wight hits you with a +5 morningstar!
Ouch! That really hurt!
You die...

~P~ ##### P.. #....
... #.##. #$#
######.##. #z#
#......##. #z#
#)#######<
#.#######.##......
#@z.......##.#####
###..#######.#
#..#### #.#
##########....<####.#
#.........#.#..#....#
#.##...##.#....#.####
#.#.....#.####.#.#
#.#....P#......#.#
#..7~77...######.#


You could see 3 wights.

Vanquished Creatures
  A scorpion (D:3)
  Jessica (D:3)
  2 orc wizards (D:3)
  Ijyb (D:3)
  3 adders
  A worm (D:3)
  4 dart slugs
  2 orcs (D:3)
  4 ball pythons
  4 endoplasms
  A giant cockroach (D:3)
  3 goblins
  7 hobgoblins
  A quokka (D:3)
  9 bats
  4 frilled lizards
  9 kobolds
  4 rats
61 creatures vanquished.

Notes
Turn   | Place    | Note
-------+----------+-------------------------------------------
     0 | D:1      | qw the Deep Elf Hunter began the quest for the Orb.
     0 | D:1      | Reached XP level 1. HP: 12/12 MP: 3/3
     0 | D:1      | 0 ||| qw: Version: 0.3-a-9-g12657ce
     0 | D:1      | 0 ||| qw: Game counter: 4566
     0 | D:1      | 0 ||| qw: Always use a shield: true
     0 | D:1      | 0 ||| qw: God list: Okawaru
     0 | D:1      | 0 ||| qw: Allow faded altars: false
     0 | D:1      | 0 ||| qw: Do Orc after D:15 true
     0 | D:1      | 0 ||| qw: Do second Lair branch before Depths: true
     0 | D:1      | 0 ||| qw: Lair rune preference: random
     0 | D:1      | 0 ||| qw: Plans: Normal
     0 | D:1      | 0 ||| PLANNING D:1-11
    93 | D:1      | Reached XP level 2. HP: 16/16 MP: 4/4
    96 | D:1      | Reached skill level 6 in Ranged Weapons
   104 | D:1      | 104 ||| UPGRADING to ring of protection from cold.
   186 | D:1      | 186 ||| FLEEEEING.
   673 | D:1      | 673 ||| READING scroll labelled QISAUXKAYKU.
   674 | D:1      | 674 ||| READING scroll labelled MUOP ASEOMEAF.
   675 | D:1      | 675 ||| DROPPING scroll of butterflies.
   824 | D:2      | Reached XP level 3. HP: 20/20 MP: 5/5
   872 | D:2      | Found a faded altar of an unknown god.
   988 | D:2      | Reached skill level 7 in Ranged Weapons
  1019 | D:2      | Found Ettei's Weapon Emporium.
  1184 | D:2      | Identified the +5 short sword of Honour {holy, rPois Int+3
                  | Dex+3}
  1275 | D:2      | 1275 ||| UPGRADING to scarf of repulsion.
  1280 | D:2      | 1280 ||| READING scroll labelled BYIMEI UREUCVO.
  1285 | D:2      | 1285 ||| DRINKING 2 coppery potions.
  1286 | D:2      | 1286 ||| DRINKING 2 sapphire potions.
  1287 | D:2      | 1287 ||| DROPPING potion of brilliance.
  1382 | D:3      | Noticed Ijyb
  1426 | D:3      | Killed Ijyb
  1427 | D:3      | Reached XP level 4. HP: 23/25 MP: 6/6
  1480 | D:3      | 1480 ||| Stepping ~*~*~tactically~*~*~ (outnumbered).
  1491 | D:3      | Reached skill level 8 in Ranged Weapons
  1507 | D:3      | Reached XP level 5. HP: 10/29 MP: 7/7
  1832 | D:3      | 1832 ||| UPGRADING to +0 scale mail.
  1835 | D:3      | 1835 ||| UPGRADING to +0 scale mail.
  1846 | D:3      | Reached skill level 3 in Dodging
  1883 | D:3      | 1883 ||| UPGRADING to +0 leather armour.
  1888 | D:3      | 1888 ||| UPGRADING to +0 scale mail.
  1898 | D:3      | 1898 ||| DROPPING +0 leather armour.
  1899 | D:3      | 1899 ||| DROPPING +2 robe of cold resistance.
  1900 | D:3      | 1900 ||| UPGRADING to +0 ring mail.
  1910 | D:3      | 1910 ||| DROPPING +0 scale mail.
  1924 | D:3      | Noticed Jessica
  1925 | D:3      | 1925 ||| READING scroll labelled XUM NIYTEFONLI.
  1930 | D:3      | Killed Jessica
  2160 | D:3      | 2160 ||| READING scroll labelled ECVIAC NIACOODD.
  2161 | D:3      | 2161 ||| READING scroll labelled XERA BODUNITHRU.
  2214 | D:4      | Reached skill level 9 in Ranged Weapons
  2297 | D:4      | Slain by a wight

Levels and vault maps discovered:
D:1:      dpeg_arrival_pits, layout_loops_ring, minmay_misc_feat_tower
D:2:      layout_loops_cross, serial_shops, nicolae_shop_behind_doors,
          dreamdust_ecumenical_altar_statues
D:3:      layout_basic, nicolae_eternal_life, uniq_ijyb, uniq_jessica
D:4:      layout_basic, zin_treasury, serial_bayou, serial_bayou_pond_a,
          serial_bayou_lagoon_a, serial_bayou_pond_d, serial_bayou_pond_b,
          serial_bayou_shore_b, gammafunk_ghost_grave, guppyfry_shop_venom

Skill      XL: |  1  2  3  4  5 |
---------------+----------------+-----
Ranged Weapons | 6 7 8 9 |  9.0
Dodging        | 3 |  3.7
Fighting       | |  1.5
Stealth        | |  1.2

Action                     |  1- 3 |  4- 6 || total
---------------------------+-------+-------++-------
  Melee: Unarmed           |    39 |       ||    39
   Fire: Shortbow          |   142 |    94 ||   236
    Use: Scroll            |     3 |     3 ||     6
         Potion            |     2 |       ||     2
 Armour: Leather armour    |    15 |     8 ||    23
         Skin              |     5 |       ||     5
         Ring mail         |       |     4 ||     4
  Dodge: Dodged            |    66 |    35 ||   101

Table legend:
 A = Non-vault XP
 B = Vault XP
 C = Vault XP percentage of total XP
 D = Non-vault monster count
 E = Vault monster count
 F = Vault count percentage of total count
                 A         B        C        D         E       F
            +---------+---------+-------+---------+---------+-------
      Total |     294 |      72 |  19.7 |      59 |       2 |   3.3
            +---------+---------+-------+---------+---------+-------
        D:1 |      37 |       0 |   0.0 |      22 |       0 |   0.0
        D:2 |      36 |       0 |   0.0 |      15 |       0 |   0.0
        D:3 |     217 |      72 |  24.9 |      20 |       2 |   9.1
        D:4 |       4 |       0 |   0.0 |       2 |       0 |   0.0
            +---------+---------+-------+---------+---------+-------
